Map: Honorgrounds LE

Players

llllllllllll

  • Race: Protoss Protoss
  • League: Grandmaster
  • Spawn Location: 11:00

Railgan - Winner!

  • Race: Zerg Zerg
  • League: Grandmaster
  • Spawn Location: 7:00

VOD

Have the link to the VOD?

Description

Time

  • Played on: March 24, 2017, 4:41 p.m.
  • Length: 8:24
Show
View Real Time Build Order
Export as new Build Order

llllllllllll Protoss 

Build Orders: 1 Gate Expand, Zealot Archon, Dark Templar Rush 

Get SALT Encoding   

  12  0:00  Probe (Chrono Boost)  
  13  0:11  Probe (Chrono Boost)  
  14  0:18  Pylon  
  14  0:22  Probe (Chrono Boost)  
  15  0:36  Probe (Chrono Boost)  
  15  0:37  Gateway  
  16  0:45  Assimilator  
  16  0:47  Probe (Chrono Boost)  
  17  0:58  Probe (Chrono Boost)  
  18  1:08  Probe (Chrono Boost)  
  19  1:22  Nexus  
  20  1:25  Probe (Chrono Boost)  
  20  1:36  Cybernetics Core  
  20  1:40  Probe (Chrono Boost)  
  20  1:46  Assimilator  
  21  1:51  Probe (Chrono Boost)  
  22  1:56  Pylon  
  23  2:01  Probe (Chrono Boost)  
  23  2:10  Stalker  
  23  2:13  Warp Gate  
  26  2:16  Probe (Chrono Boost)  
  26  2:25  Twilight Council  
  26  2:28  Probe (Chrono Boost)  
  27  2:35  Probe (Chrono Boost)  
  28  2:40  Probe (Chrono Boost)  
  28  2:43  Zealot  
  31  2:45  Probe (Chrono Boost)  
  31  2:50  Probe (Chrono Boost)  
  33  2:56  Probe (Chrono Boost)  
  34  3:01  Dark Shrine  
  34  3:02  Probe (Chrono Boost)  
  35  3:06  Probe (Chrono Boost)  
  36  3:14  Probe (Chrono Boost)  
  36  3:15  Robotics Facility  
  36  3:18  Probe (Chrono Boost)  
  38  3:25  Mothership Core (Chrono Boost)  
  40  3:28  Probe (Chrono Boost)  
  40  3:30  Assimilator  
  41  3:36  Assimilator  
  41  3:39  Probe (Chrono Boost)  
  42  3:43  Probe (Chrono Boost)  
  43  3:48  Gateway  
  43  3:50  Gateway, Probe (Chrono Boost)  
  44  3:57  Gateway, Probe (Chrono Boost)  
  45  4:05  Warp Prism  
  46  4:10  Probe (Chrono Boost)  
  46  4:14  Probe (Chrono Boost)  
  43  4:26  Probe x2 (Chrono Boost)  
  45  4:39  Probe (Chrono Boost)  
  45  4:46  Pylon  
  45  4:47  Probe (Chrono Boost)  
  45  4:48  Pylon  
  45  4:49  Pylon  
  46  5:04  Probe (Chrono Boost)  
  46  5:06  Probe (Chrono Boost)  
  48  5:07  Dark Templar x4  
  56  5:15  Probe (Chrono Boost)  
  56  5:18  Probe (Chrono Boost)  
  59  5:28  Probe (Chrono Boost)  
  59  5:30  Probe (Chrono Boost)  
  60  5:39  Nexus, Probe (Chrono Boost)  
  60  5:41  Pylon  
  60  5:42  Probe (Chrono Boost)  
  60  5:59  Dark Templar  
  60  6:00  Dark Templar x3  
  60  6:03  Probe (Chrono Boost)  
  70  6:05  Probe (Chrono Boost)  
  65  6:14  Probe (Chrono Boost)  
  65  6:17  Probe (Chrono Boost)  
  66  6:25  Probe (Chrono Boost)  
  63  6:29  Probe (Chrono Boost)  
  64  6:33  Archon  
  64  6:34  Archon  
  64  6:35  Probe (Chrono Boost)  
  64  6:36  Dark Templar x3  
  72  6:41  Probe (Chrono Boost)  
  72  6:46  Probe (Chrono Boost), Archon x2  
  73  6:47  Archon  
  73  6:49  Stalker  
  73  6:53  Probe (Chrono Boost)  
  76  6:56  Probe (Chrono Boost)  
  76  6:58  Probe (Chrono Boost)  
  78  7:05  Probe (Chrono Boost)  
  78  7:06  Warp Prism  
  78  7:08  Dark Templar x2, Probe (Chrono Boost), Stalker  
  89  7:16  Probe (Chrono Boost)  
  89  7:17  Archon  
  89  7:18  Probe (Chrono Boost)  
  74  7:57  Dark Templar x4  
  82  8:01  Archon x2  
  82  8:04  Probe x3 (Chrono Boost)  
  82  8:05  Gateway x2  
  85  8:07  Gateway x2, Assimilator  
  85  8:08  Assimilator  
  85  8:10  Pylon  
Show
View Real Time Build Order
Export as new Build Order

Railgan Zerg - Winner!

Build Orders: Hatch First, Swarm Host 

Get SALT Encoding   

  12  0:01  Drone  
  13  0:13  Overlord  
  13  0:18  Drone  
  14  0:33  Drone x2  
  16  0:38  Drone  
  17  0:55  Hatchery  
  16  0:58  Drone  
  16  1:01  Drone  
  18  1:12  Extractor  
  18  1:17  Spawning Pool  
  16  1:20  Drone  
  16  1:23  Drone  
  18  1:29  Drone  
  19  1:42  Overlord  
  19  1:56  Drone  
  20  2:06  Queen  
  20  2:07  Zergling x4  
  20  2:08  Queen  
  26  2:19  Drone, Metabolic Boost  
  27  2:23  Drone x2  
  29  2:30  Drone  
  29  2:34  Drone  
  31  2:39  Drone  
  32  2:44  Drone, Queen  
  35  2:52  Evolution Chamber  
  35  2:53  Overlord  
  35  2:58  Drone  
  35  3:03  Zergling x2  
  36  3:09  Overlord  
  36  3:12  Zergling x2  
  37  3:20  Zerg Melee Weapons Level 1  
  37  3:21  Drone  
  37  3:22  Drone x3  
  37  3:26  Zergling x2  
  42  3:27  Overlord  
  42  3:31  Drone  
  44  3:34  Drone x2  
  44  3:39  Drone  
  46  3:51  Drone x2  
  46  3:53  Lair  
  46  3:55  Extractor  
  47  3:56  Extractor  
  47  3:57  Drone  
  47  3:59  Zergling x4  
  49  4:16  Drone  
  48  4:17  Drone, Overlord  
  48  4:18  Drone  
  48  4:21  Zergling x2  
  49  4:26  Drone x7  
  49  4:27  Roach Warren  
  55  4:37  Zergling x4  
  56  4:45  Extractor, Queen  
  55  4:47  Overlord  
  57  4:55  Spore Crawler  
  57  4:58  Drone  
  57  5:02  Infestation Pit, Zergling x6  
  57  5:03  Overseer  
  59  5:09  Roach x5  
  59  5:10  Glial Reconstitution  
  69  5:22  Drone x2  
  69  5:31  Roach  
  68  5:42  Zergling x14  
  75  5:49  Zerg Melee Weapons Level 2  
  72  5:58  Hatchery  
  72  6:00  Zergling x4  
  73  6:09  Zergling x2  
  73  6:12  Drone  
  73  6:15  Zergling x2  
  73  6:17  Drone  
  75  6:19  Overlord x3  
  73  6:30  Overlord  
  73  6:32  Pneumatized Carapace  
  73  6:36  Swarm Host  
  73  6:37  Swarm Host x3  
  85  6:43  Swarm Host  
  85  6:47  Swarm Host  
  85  6:48  Swarm Host  
  85  6:52  Swarm Host x3  
  98  6:55  Roach  
  98  6:56  Roach  
  102  7:02  Roach x2  
  102  7:07  Zergling x2  
  107  7:16  Roach  
  107  7:17  Roach x2  
  111  7:27  Queen x2  
  112  7:31  Zergling x2  
  107  7:41  Roach x3  
  108  7:52  Roach  
  108  7:53  Roach x2  
  108  7:55  Overlord  
  114  8:01  Overlord x2  
  114  8:04  Overlord  
Tags
 
Add a new tag
Caveats
  • Supply blocks, unpowered buildings, or Contaminate may cause inaccurate times.
  • Supply counts are checked every 10 seconds.